 Dungeon Crawl Stone Soup version 0.28-b1-25-g9875b3fc8c (webtiles) character file.

Game seed: 336491401598380759

156053 Minsecho the Peltast (level 17, -15/161 (166) HPs)
             Began as a Minotaur Fighter on Jan 31, 2022.
             Was the Champion of Okawaru.
             Killed from afar by a tengu reaver (24 damage)
             ... with a bolt of lightning
             ... on level 2 of the Depths.
             The game lasted 01:19:50 (30643 turns).

Minsecho the Peltast (Minotaur Fighter)            Turns: 30643, Time: 01:19:51

HP:   -15/161 (166) AC: 31    Str: 32    XL:     17   Next: 9%
MP:   17/17         EV: 14    Int: 11    God:    Okawaru [******]
Gold: 2158          SH: 23    Dex: 21    Spells: 16/16 levels left

rFire   + . .      SeeInvis .   K - +9 demon whip (flame)
rCold   . . .      Faith    .   z - +1 kite shield {rF+}
rNeg    . . .      Spirit   .   Y - +7 plate armour "Letzer" {Slay+4}
rPois   .          Reflect  +   (helmet unavailable)
rElec   .          Harm     .   l - +0 cloak
rCorr   .          Rampage  .   L - +0 pair of fencer's gloves {Riposte Dex+3}
Will    ++...                   a - +2 pair of boots {Fly}
Stlth   ..........              M - amulet of reflection
HPRegen 0.36/turn               b - +4 ring of protection
MPRegen 0.15/turn               V - ring "Rikastrec" {Will+ Str+6 Int+6 Dex+3}

@: corroded, flying, lightly drained
A: horns 3, retaliatory headbutt, sense surroundings 1, strong 1, evolution 1
a: Renounce Religion, Heroism, Finesse, Duel


You were on level 2 of the Depths.
You worshipped Okawaru.
Okawaru was exalted by your worship.
You visited 5 branches of the dungeon, and saw 26 of its levels.
You also visited: Gauntlet and Volcano.

You collected 3271 gold pieces.
You spent 1113 gold pieces at shops.

Inventory:

Hand Weapons
 K - a +9 demon whip of flaming (weapon)
 W - a +4 war axe of flaming
Missiles
 H - 2 throwing nets
Armour
 a - a +2 pair of boots of flying (worn)
 e - +1 pearl dragon scales
 l - a +0 cloak (worn)
 z - a +1 kite shield of fire resistance (worn)
 L - the +0 pair of fencer's gloves (worn) {Riposte Dex+3}
   (You found it on level 8 of the Dungeon)

   It allows the wearer to riposte with melee weapons, swiftly retaliating
   against missed attacks.
   Dex:       It affects your dexterity (+3).
 Y - the +7 plate armour "Letzer" (worn) {Slay+4}
   (Okawaru gifted it to you on level 2 of the Lair of Beasts)

   Slay:      It affects your accuracy & damage with ranged weapons and melee
   (+4).
Jewellery
 b - a +4 ring of protection (left hand)
 f - a ring of positive energy
 r - a ring of fire
 B - a +4 ring of protection
 M - an amulet of reflection (around neck)
 Q - an amulet of regeneration
 S - a ring of wizardry
 V - the ring "Rikastrec" (right hand) {Will+ Str+6 Int+6 Dex+3}
   (You found it on level 1 of the Depths)

   [ring of strength]

   Str:       It affects your strength (+6).
   Int:       It affects your intelligence (+6).
   Dex:       It affects your dexterity (+3).
   Will:      It increases your willpower.
Wands
 y - a wand of mindburst (14)
 T - a wand of flame (59) (quivered)
 U - a wand of paralysis (15)
Scrolls
 j - a scroll of amnesia
 o - 3 scrolls of identify
 p - 6 scrolls of immolation
 s - 3 scrolls of magic mapping
 u - 7 scrolls of teleportation
 v - 3 scrolls of silence
 w - 2 scrolls of summoning
 E - 4 scrolls of blinking
 J - a scroll of holy word
 N - 5 scrolls of enchant armour
 O - a scroll of brand weapon
 P - 8 scrolls of fog
 R - 7 scrolls of fear
Potions
 d - 2 potions of might
 h - a potion of ambrosia
 i - 5 potions of attraction
 k - a potion of invisibility
 m - 2 potions of resistance
 n - a potion of berserk rage
 q - 3 potions of mutation
 t - 7 potions of heal wounds
 C - 4 potions of brilliance
 D - 3 potions of magic
 F - 5 potions of lignification
 G - 3 potions of cancellation
 I - a potion of haste
 X - 8 potions of curing
 Z - 2 potions of flight
Miscellaneous
 c - a lightning rod (4/4)
 g - a phantom mirror
 x - a phial of floods
 A - a phantom mirror


   Skills:
 + Level 18.9 Fighting
 + Level 17.5(17.6) Axes
 - Level 3.3(12.0) Maces & Flails
 + Level 15.4 Armour
 + Level 9.2 Dodging
 - Level 1.7 Stealth
 + Level 20.3 Shields
 + Level 1.8 Invocations
 + Level 1.7 Evocations


You had 16 spell levels left.
You didn't know any spells.
Your spell library contained the following spells:

 Spells                   Type           Power      Damage    Failure   Level
 Foxfire                  Conj/Fire      0%         2x1d4     93%         1
 Pain                     Necr           0%         1d4       93%         1
 Blink                    Tloc           0%         N/A       98%         2
 Passwall                 Tmut/Erth      0%         N/A       98%         2
 Conjure Flame            Conj/Fire      0%         6-21      100%        3
 Frozen Ramparts          Ice            0%         1d2       100%        3
 Ignite Poison            Fire/Tmut/Pois 0%         N/A       100%        3
 Inner Flame              Hex/Fire       0%         N/A       100%        3
 Lesser Beckoning         Tloc           0%         N/A       100%        3
 Mephitic Cloud           Conj/Pois/Air  0%         N/A       100%        3
 Portal Projectile        Hex/Tloc       0%         N/A       100%        3
 Vampiric Draining        Necr           0%         2d6       100%        3
 Airstrike                Air            0%         N/A       100%        4
 Anguish                  Hex/Necr       0%         N/A       100%        4
 Cause Fear               Hex            0%         N/A       100%        4
 Flame Wave               Conj/Fire      0%         2d4       100%        4
 Hailstorm                Conj/Ice       0%         3d3       100%        4
 Leda's Liquefaction      Hex/Erth       0%         N/A       100%        4
 Borgnjor's Vile Clutch   Necr/Erth      0%         N/A       100%        5
 Fireball                 Conj/Fire      0%         3d3       100%        5
 Freezing Cloud           Conj/Ice/Air   0%         6-21      100%        5
 Iskenderun's Battlesphe  Conj           0%         2d6       100%        5
 Lightning Bolt           Conj/Air       0%         1d11      100%        5
 Manifold Assault         Tloc           0%         N/A       100%        5
 Conjure Ball Lightning   Conj/Air       0%         3x3d6     100%        6
 Eringya's Noxious Bog    Tmut/Pois      0%         N/A       100%        6
 Statue Form              Tmut/Erth      0%         N/A       100%        6
 Enfeeble                 Hex            0%         N/A       100%        7
 Orb of Destruction       Conj           0%         9d5       100%        7
 Storm Form               Tmut/Air       0%         N/A       100%        7
 Discord                  Hex            0%         N/A       100%        8
 Necromutation            Tmut/Necr      0%         N/A       100%        8
 Animate Skeleton         Necr           Unusable   N/A       N/A         1
 Call Canine Familiar     Summ           Unusable   N/A       N/A         3
 Tukima's Dance           Hex            Unusable   N/A       N/A         3
 Animate Dead             Necr           Unusable   N/A       N/A         4
 Summon Lightning Spire   Summ/Air       Unusable   N/A       N/A         4
 Death Channel            Necr           Unusable   N/A       N/A         6

Dungeon Overview and Level Annotations

Branches:
Dungeon (15/15)            Temple (1/1) D:6            Lair (6/6) D:9
 Shoals (0/4) Lair:4        Snake (0/4) Lair:4        Slime (0/5) Lair:6
    Orc (2/2) D:9             Elf (0/3) Orc:2        Vaults (0/5) D:14
 Depths (2/4) D:15        Volcano (visited)         Gauntlet (visited)

Altars:
Ashenzari
Cheibriados
Dithmenos
Elyvilon
Fedhas
Gozag
Hepliaklqana
Kikubaaqudgha
Makhleb
Nemelex Xobeh
Okawaru
Qazlal
Ru
Sif Muna
Trog
Uskayaw
Vehumet
Wu Jian
Xom
Yredelemnul
Zin
The Shining One
Beogh
Jiyva
Lugonu

Shops:
D:9 (   D:10 ?   D:11 [   Orc:2 *?=!(??!

Portals:
Hell: Depths:1
Abyss: Lair:6

Annotations:
D:6 1 runed translucent door, Lobster4's ghost, novice DrTm
D:11 1 runed translucent door
Lair:4 exclusion: 4 oklob plants
Lair:6 1 runed translucent door


Innate Abilities, Weirdness & Mutations

You have a pair of large horns on your head.
You reflexively headbutt those who attack you in melee.
You passively map a small area around you.
Your muscles are strong. (Str +2)
You have hidden genetic potential.


Message History

The tengu reaver claws you but does no damage.
The tengu reaver blocks your attack.
The tengu reaver is heavily wounded.
The tengu reaver blocks your attack.
You headbutt the tengu reaver, but do no damage.
The tengu reaver is heavily wounded.
The tengu reaver casts a spell at you. The bolt of acid hits you!!
* * * LOW HITPOINT WARNING * * *
The tengu reaver blocks your attack.
The tengu reaver is heavily wounded.
You whack the tengu reaver! You burn the tengu reaver.
The tengu reaver is heavily wounded.
The tengu reaver casts a spell at you. The bolt of fire misses you.
The tengu reaver blocks your attack.
The tengu reaver is heavily wounded.
You whack the tengu reaver! You burn the tengu reaver.
The tengu reaver blocks your attack.
The tengu reaver is severely wounded.
The tengu reaver casts a spell at you. The bolt of acid hits you!!
* * * LOW HITPOINT WARNING * * *
The acid corrodes you!
Okay, then.
Okay, then.
Unknown command.
Aiming: Mindburst
Press: ? - help, Shift-Dir - straight line, f - tengu reaver
Aim: a tengu reaver, wielding a +2 long sword of holy wrath, wearing a +3 scale mail of fire resistance and wearing a +0 buckler (severely wounded, chance to affect: 37%)
Okay, then.
Unknown command.
Okay, then.
Okay, then.
Blink to where?
Press: ? - help, Dir - move target
As you read the scroll of blinking, it crumbles to dust.
The tengu reaver points at you and mumbles some strange words.
The bolt of lightning hits you!!
You die...

#.......[...................
#......(#####>..............
#[......# #.##############
#.......# #.# # #.......##
#.# # #........# #.#
#........# #.#
#........####.#
###'#..#...@..####
#####'#..###'########* * *
#.......####.######## * , ,.
#......####...#* * **#
#...(..#####ยง## * *
#......## *#Q# * * ,
#########....)...y..
###.##.##.##.# * * .##, #.#
#


You could see a tengu reaver.

Vanquished Creatures
  A titan (Depths:2)
  Frances (D:14)
  3 tengu reavers (Depths:2)
  A frost giant (Depths:1)
  3 fire giants
  2 orc warlords (Orc:1)
  5 spectral caustic shrikes (Depths:1)
  5 very ugly things
  3 vampire knights
  A stone giant (Depths:2)
  A juggernaut skeleton (Depths:1)
  6 spark wasps (Depths:2)
  A minotaur (Gauntlet)
  4 ettins
  A blizzard demon (Gauntlet)
  A crystal guardian (D:14)
  Josephine (D:14)
  2 great orbs of eyes
  2 fire dragons
  6 ice dragons
  2 rakshasas
  3 boulder beetles
  7 hydras
  4 spriggan air magi (Depths:2)
  3 ogre magi
  4 centaur warriors
  A catoblepas (D:14)
  2 dancing weapons (D:14)
  3 two-headed ogres (D:12)
  3 deep troll shamans
  A deep troll earth mage (Depths:1)
  A spriggan berserker (Depths:1)
  4 thrashing horrors (Lair:6)
  Urug (D:11)
  7 tengu warriors
  8 hell knights
  3 iron trolls
  A fire crab (shapeshifter) (D:15)
  A salamander mystic (Volcano)
  A glowing orange brain (D:15)
  5 deep trolls
  A tengu zombie (Depths:1)
  2 phantasmal warriors (D:14)
  2 deep elf pyromancers (D:15)
  2 deep elf zephyrmancers
  A mana viper (shapeshifter) (Depths:1)
  6 orc knights
  A lindwurm (Lair:5)
  22 ugly things
  4 necromancers
  2 wolf spiders (D:14)
  15 orc sorcerers
  14 cyclopes
  4 manticores
  A stone giant zombie (Depths:1)
  6 elephants (Lair:2)
  8 black mambas
  2 frost giant skeletons (Depths:1)
  5 centaur zombies
  A merfolk siren (Lair:4)
  5 gargoyles
  4 molten gargoyles (Volcano)
  A smoke demon (Lair:6)
  4 cane toads
  An unseen horror (D:13)
  5 komodo dragons
  An unseen horror (shapeshifter) (Lair:6)
  2 freezing wraiths (D:14)
  4 rime drakes
  3 tengu conjurers
  A golden dragon simulacrum (Depths:1)
  2 ancient zymes (Lair:6)
  2 ice devils (Gauntlet)
  8 trolls
  A tarantella (shapeshifter) (D:9)
  6 polar bears
  A meliai zombie (D:10)
  A wind drake (shapeshifter) (Lair:6)
  6 dream sheep (Lair:6)
  4 slime creatures (D:15)
  A stone giant simulacrum (Depths:1)
  21 blink frogs (Lair:6)
  2 spriggan skeletons (Depths:1)
  2 large abominations (Lair:6)
  3 shadows
  A vampire (D:10)
  An ettin skeleton (Depths:1)
  6 wyverns
  6 wraiths
  2 ynoxinuls
  3 water elementals (Depths:1)
  4 basilisks
  2 chaos spawn (Lair:6)
  3 fire bats (Lair:5)
  43 yaks
  4 steam dragons
  A vampire mosquito (D:14)
  A redback (D:14)
  3 wargs
  An acid dragon (D:14)
  19 water moccasins
  A sky beast (D:7)
  2 black bears (D:9)
  A necrophage (D:6)
  31 orc warriors
  A boggart (D:14)
  21 wolves
  7 centaurs
  An ogre (shapeshifter) (Lair:6)
  16 ogres
  3 phantoms
  2 kobold brigands
  6 bullfrogs
  A gnoll sergeant (D:10)
  2 scorpions (D:5)
  8 small abominations (Lair:6)
  8 killer bees
  3 wights (D:8)
  8 howler monkeys
  An electric eel (D:15)
  A hound (D:5)
  25 orc priests
  2 bullfrog zombies
  5 iguanas
  2 iron imps (Gauntlet)
  40 orc wizards
  2 bullfrog skeletons
  A scorpion zombie (D:3)
  4 hell rats (Lair:4)
  6 adders
  3 gnolls (D:10)
  A shadow imp (D:6)
  2 white imps
  An ufetubus (D:6)
  An adder skeleton (D:4)
  A worm (D:2)
  2 dart slugs
  80 orcs
  5 ball pythons
  4 endoplasms
  2 giant cockroaches
  8 goblins
  7 hobgoblins
  3 jackals (D:1)
  11 kobolds
  2 quokkas
  6 bats
  4 frilled lizards
  10 rats
769 creatures vanquished.

Vanquished Creatures (others)
  A death knight (D:14)
  An orc (Orc:1)
  10 demonic plants (Gauntlet)
  25 fungi
  68 plants
105 creatures vanquished.

Grand Total: 874 creatures vanquished

Notes
Turn   | Place    | Note
-------+----------+-------------------------------------------
     0 | D:1      | Minsecho the Minotaur Fighter began the quest for the Orb.
     0 | D:1      | Reached XP level 1. HP: 19/19 MP: 0/0
   172 | D:1      | Reached XP level 2. HP: 23/27 MP: 1/1
   279 | D:1      | Reached skill level 4 in Shields
   898 | D:2      | Reached XP level 3. HP: 33/33 MP: 2/2
  1391 | D:2      | Reached XP level 4. HP: 40/40 MP: 3/3
  1909 | D:3      | Noticed a phantom
  1988 | D:4      | Noticed a kobold brigand
  2014 | D:4      | Killed a kobold brigand
  2015 | D:4      | Reached skill level 1 in Dodging
  2015 | D:4      | Reached XP level 5. HP: 7/47 MP: 1/4
  2482 | D:4      | Found the +4 moon troll leather armour {Spirit, Regen++
                  | MP+5}
  2715 | D:4      | Identified the +1 pair of boots of the Distant Future {Harm
                  | rF+}
  2955 | D:4      | Reached skill level 5 in Axes
  2955 | D:4      | Reached skill level 5 in Armour
  3244 | D:4      | Got the Papyrus of Unstable Ice
  3350 | D:5      | Entered Level 5 of the Dungeon
  3722 | D:3      | Killed a phantom
  3723 | D:3      | Reached XP level 6. HP: 48/53 MP: 5/5
  3779 | D:3      | Found an ornate altar of the Wu Jian Council.
  4082 | D:5      | Found a radiant altar of Vehumet.
  4380 | D:5      | Reached skill level 5 in Fighting
  4380 | D:5      | Reached XP level 7. HP: 61/61 MP: 6/6
  4388 | D:5      | Found an opulent altar of Gozag.
  4401 | D:5      | Reached skill level 1 in Stealth
  4731 | D:6      | Noticed Lobster4's ghost (novice DrTm)
  4752 | D:6      | Found a runed translucent door.
  4776 | D:6      | Noticed a steam dragon
  4812 | D:6      | Killed a steam dragon
  4813 | D:6      | Reached XP level 8. HP: 30/69 MP: 3/7
  4903 | D:6      | Found a shadowy altar of Dithmenos.
  5000 | D:6      | Noticed a deep elf zephyrmancer
  5010 | D:6      | Killed a deep elf zephyrmancer
  5011 | D:6      | Reached skill level 5 in Shields
  5120 | D:6      | Reached skill level 1 in Evocations
  5122 | D:6      | Reached skill level 10 in Axes
  5272 | D:6      | Reached XP level 9. HP: 78/78 MP: 8/8
  5423 | D:6      | Gained mutation: You are partially covered in large bone
                  | plates. (SH +4) [potion of mutation]
  5423 | D:6      | Gained mutation: Your mind is acute. (Int +2) [potion of
                  | mutation]
  5471 | D:6      | Found a staircase to the Ecumenical Temple.
  5478 | Temple   | Entered the Ecumenical Temple
  5641 | Temple   | Became a worshipper of Warmaster Okawaru
  7137 | D:8      | Found the +0 pair of fencer's gloves {Riposte Dex+3}
  7398 | D:8      | Reached * piety under Okawaru
  7900 | D:9      | Found a bloodstained altar of Trog.
  7943 | D:9      | Reached skill level 5 in Dodging
  7943 | D:9      | Reached skill level 6 in Shields
  8090 | D:9      | Reached XP level 10. HP: 79/88 MP: 9/9
  8301 | D:9      | Found a staircase to the Lair.
  8318 | D:9      | Noticed a boulder beetle
  8323 | D:9      | Reached ** piety under Okawaru
  8342 | D:9      | Killed a boulder beetle
  8343 | D:9      | Reached skill level 7 in Shields
  8643 | D:9      | Found a staircase to the Orcish Mines.
  8645 | D:9      | Found Ushrylimap's Weapon Shop.
  8785 | D:9      | Noticed a purple ugly thing
  8805 | D:9      | Killed a purple ugly thing
  8809 | D:9      | Reached *** piety under Okawaru
  8860 | D:9      | Noticed a skeletal warrior
  8860 | D:9      | Noticed an eight-headed hydra
  8893 | D:10     | Entered Level 10 of the Dungeon
  9118 | D:10     | Reached **** piety under Okawaru
  9122 | D:10     | Reached XP level 11. HP: 97/97 MP: 10/10
  9185 | D:10     | Found a shimmering altar of Xom.
  9319 | D:10     | Found Yqooph's Magic Scroll Shoppe.
  9322 | D:10     | Bought a scroll of identify for 34 gold pieces
  9322 | D:10     | Bought a scroll of identify for 34 gold pieces
  9322 | D:10     | Bought a scroll of enchant armour for 127 gold pieces
  9322 | D:10     | Bought a scroll of teleportation for 51 gold pieces
  9322 | D:10     | Bought a scroll of enchant weapon for 127 gold pieces
  9535 | D:11     | Found Poaduch's Armour Shoppe.
  9573 | D:11     | Reached skill level 8 in Shields
  9644 | D:11     | Noticed an ettin
  9644 | D:11     | Noticed a deep troll
  9644 | D:11     | Noticed a sphinx
  9645 | D:11     | Found a runed translucent door.
  9647 | D:11     | Noticed a frost giant
  9654 | D:11     | Noticed a phantasmal warrior
  9654 | D:11     | Noticed a yaktaur captain
  9654 | D:11     | Noticed an ettin
  9654 | D:11     | Noticed a stone giant
  9875 | D:11     | Noticed a purple ugly thing
  9887 | D:11     | Killed a purple ugly thing
  9887 | D:11     | Reached ***** piety under Okawaru
  9888 | D:11     | Reached skill level 15 in Axes
 10028 | D:11     | Noticed Urug
 10103 | Lair:1   | Entered Level 1 of the Lair of Beasts
 10406 | Lair:1   | Reached skill level 10 in Fighting
 11009 | Lair:2   | Received a gift from Okawaru
 11170 | Lair:2   | Reached ****** piety under Okawaru
 11226 | Lair:2   | Reached XP level 12. HP: 74/108 MP: 9/11
 11322 | Lair:2   | Identified the +7 plate armour "Letzer" {Slay+4} (Okawaru
                  | gifted it to you on level 2 of the Lair of Beasts)
 11322 | Lair:2   | Received a gift from Okawaru
 11451 | Lair:2   | Reached skill level 9 in Shields
 12331 | Lair:3   | Noticed a boulder beetle
 12353 | Lair:3   | Killed a boulder beetle
 12875 | Lair:4   | Found a staircase to the Shoals.
 13098 | Lair:4   | Found a staircase to the Snake Pit.
 13615 | Lair:4   | Reached skill level 10 in Shields
 13940 | Lair:5   | Found a dark tunnel.
 13956 | Volcano  | Entered a volcano
 13994 | Volcano  | Received a gift from Okawaru
 14122 | Volcano  | Reached XP level 13. HP: 31/119 MP: 12/12
 14518 | Volcano  | Noticed an orb of fire
 14574 | Volcano  | Noticed an orb of fire
 14873 | Lair:5   | Reached skill level 1 in Invocations
 15136 | Lair:5   | Reached skill level 1 in Maces & Flails
 15609 | Lair:6   | Entered Level 6 of the Lair of Beasts
 15623 | Lair:5   | Identified the +8 short sword of Jaqem {vorpal, rN++ Str+4}
                  | (Okawaru gifted it to you on level 5 of the Lair of Beasts)
 15623 | Lair:5   | Received a gift from Okawaru
 15767 | Lair:5   | Reached skill level 10 in Armour
 15833 | Lair:6   | Reached skill level 11 in Shields
 16473 | Lair:6   | Reached skill level 12 in Shields
 16894 | Lair:6   | Found a corrupted altar of Lugonu.
 16894 | Lair:6   | Found a one-way gate to the infinite horrors of the Abyss.
 16901 | Lair:6   | Identified the +1 ring mail "Uqamneme" {Harm Will- Regen+
                  | Str+4} (Okawaru gifted it to you on level 6 of the Lair of
                  | Beasts)
 16901 | Lair:6   | Received a gift from Okawaru
 17129 | Lair:6   | Identified a scroll of acquirement
 17130 | Lair:6   | Acquired 663 gold pieces
 17158 | Lair:6   | Found a runed translucent door.
 17159 | Lair:6   | Found a viscous altar of Jiyva.
 17159 | Lair:6   | Noticed an acid blob
 17164 | Lair:6   | Found a staircase to the Slime Pits.
 17332 | Lair:6   | Reached XP level 14. HP: 130/130 MP: 13/13
 17339 | Lair:6   | Reached skill level 13 in Shields
 18165 | D:11     | Killed Urug
 18543 | D:10     | Bought a scroll of enchant weapon for 127 gold pieces
 18543 | D:10     | Bought a scroll of holy word for 127 gold pieces
 19283 | D:13     | You fall into a shaft and drop 2 floors!
 19283 | D:15     | Entered Level 15 of the Dungeon
 19300 | D:15     | Reached skill level 14 in Shields
 19597 | D:14     | Found a gate to the Vaults.
 19653 | D:14     | Found a gate leading to a gauntlet.
 19657 | D:14     | Noticed Frances
 19668 | D:14     | Killed Frances
 19668 | D:14     | Received a gift from Okawaru
 19689 | Gauntlet | Entered a Gauntlet
 19689 | Gauntlet | Found a transporter.
 19699 | Gauntlet | Found a transporter.
 19718 | Gauntlet | Found a transporter.
 19725 | Gauntlet | Found a transporter.
 19726 | Gauntlet | Noticed a reaper
 19740 | Gauntlet | Found a transporter.
 19759 | Gauntlet | Found a transporter.
 19771 | Gauntlet | Found a transporter.
 19786 | Gauntlet | Found a transporter.
 19795 | Gauntlet | Found a transporter.
 19807 | Gauntlet | Found a transporter.
 19827 | Gauntlet | Found a transporter.
 19843 | Gauntlet | Found a transporter.
 19845 | Gauntlet | Found a transporter.
 19876 | Gauntlet | Found a transporter.
 19878 | Gauntlet | Found a transporter.
 19903 | Gauntlet | Found a transporter.
 19905 | Gauntlet | Found a transporter.
 19993 | Gauntlet | Found the +8 arc blade {discharge, rElec}
 19995 | Gauntlet | Found a transporter.
 20103 | Gauntlet | Reached skill level 15 in Fighting
 20120 | Gauntlet | Identified the +0 leather armour of the Raven {+Inv}
 20128 | Gauntlet | Identified the +6 scale mail of Sozubyqu {+Inv Regen+}
 20176 | Gauntlet | Got the Guide on Mutagenic Ice
 20518 | D:14     | Reached skill level 15 in Shields
 20939 | D:14     | Reached XP level 15. HP: 140/143 MP: 15/15
 21151 | D:14     | Noticed a fire giant
 21169 | D:14     | Killed a fire giant
 21169 | D:14     | Identified the +1 robe of Okawaru {*Corrode Will- Int+8
                  | Slay+6} (Okawaru gifted it to you on level 14 of the
                  | Dungeon)
 21169 | D:14     | Received a gift from Okawaru
 21170 | D:14     | Reached skill level 16 in Shields
 21548 | D:14     | Noticed Josephine
 21555 | D:14     | Killed Josephine
 21611 | D:14     | Found a shimmering blue altar of Sif Muna.
 22302 | D:15     | Found a staircase to the Depths.
 22302 | D:15     | Noticed a fire giant
 22329 | D:15     | Killed a fire giant
 22739 | D:15     | Reached skill level 17 in Shields
 23241 | Depths:1 | Entered Level 1 of the Depths
 23426 | D:15     | Lost mutation: Your mind is acute. (Int +2) [potion of
                  | mutation]
 23426 | D:15     | Lost mutation: You are partially covered in large bone
                  | plates. (SH +4) [potion of mutation]
 23426 | D:15     | Gained mutation: You have a pair of large horns on your
                  | head. [potion of mutation]
 23426 | D:15     | Gained mutation: You passively map a small area around you.
                  | [potion of mutation]
 23426 | D:15     | Gained mutation: You have hidden genetic potential. [potion
                  | of mutation]
 23624 | Orc:1    | Entered Level 1 of the Orcish Mines
 24247 | Orc:1    | Noticed an orc warlord
 24260 | Orc:1    | Received a gift from Okawaru
 24282 | Orc:1    | Killed an orc warlord
 24297 | Orc:1    | Noticed an orc warlord
 24320 | Orc:1    | Killed an orc warlord
 24339 | Orc:1    | Identified the +6 plate armour of Imaifapo {Str+3} (Okawaru
                  | gifted it to you on level 1 of the Orcish Mines)
 24339 | Orc:1    | Received a gift from Okawaru
 24747 | Orc:1    | Got the Incunabulum of Displacement and Moulding
 24929 | Orc:2    | Entered Level 2 of the Orcish Mines
 24929 | Orc:2    | Found a staircase to the Elven Halls.
 25056 | Orc:2    | Found Tytuyv's Distillery.
 25196 | Orc:2    | Bought a potion of curing for 42 gold pieces
 25196 | Orc:2    | Bought a potion of curing for 42 gold pieces
 25196 | Orc:2    | Bought a potion of heal wounds for 70 gold pieces
 25295 | Orc:2    | Found Hoeffuc's Magic Scroll Emporium.
 25395 | Orc:2    | Found Rymopnu's Magic Scroll Shoppe.
 25413 | Orc:2    | Bought a scroll of fear for 52 gold pieces
 25529 | Orc:2    | Found Eloowk's General Store.
 25546 | Orc:2    | Reached skill level 18 in Shields
 25805 | Orc:2    | Found Lira's Magic Scroll Emporium.
 25865 | Orc:2    | Paralysed by an orc sorcerer for 5 turns
 25935 | Orc:2    | Found a radiant altar of Vehumet.
 25981 | Orc:2    | Paralysed by something for 7 turns
 26060 | Orc:2    | Found Loas's Jewellery Emporium.
 26142 | Orc:2    | Found Vuroec's Distillery.
 26150 | Orc:2    | Found Dosuav's Antique Weapon Shoppe.
 26153 | Orc:2    | Bought a potion of heal wounds for 70 gold pieces
 26153 | Orc:2    | Bought a potion of berserk rage for 70 gold pieces
 26153 | Orc:2    | Bought 2 potions of heal wounds for 140 gold pieces
 26171 | Orc:2    | Found an ancient bone altar of Kikubaaqudgha.
 26925 | D:15     | Reached XP level 16. HP: 107/151 MP: 16/16
 27525 | Depths:1 | Paralysed by a vampire knight for 6 turns
 28559 | Depths:1 | Reached skill level 19 in Shields
 28646 | Depths:1 | Gained mutation: Your muscles are strong. (Str +2) [hidden
                  | potential]
 28841 | Depths:1 | Found a gateway to Hell.
 29054 | Depths:1 | Identified the +6 broad axe of Grontol {drain, rC+ rN+
                  | Dex+3} (Okawaru gifted it to you on level 1 of the Depths)
 29054 | Depths:1 | Received a gift from Okawaru
 29569 | Depths:1 | Identified the ring "Rikastrec" {Will+ Str+6 Int+6 Dex+3}
 29687 | Depths:1 | Upgraded the game from 0.28-b1-1-g3c77fb2ed1 to
                  | 0.28-b1-25-g9875b3fc8c
 29912 | Depths:2 | Reached skill level 15 in Armour
 30006 | Depths:2 | Noticed a tengu reaver
 30013 | Depths:2 | Killed a tengu reaver
 30527 | Depths:2 | Reached skill level 20 in Shields
 30533 | Depths:2 | Identified the +1 ring mail of the Hidden Nightcaps {rN++
                  | Str-4} (Okawaru gifted it to you on level 2 of the Depths)
 30533 | Depths:2 | Received a gift from Okawaru
 30542 | Depths:2 | Noticed a tengu reaver
 30544 | Depths:2 | Noticed a titan
 30551 | Depths:2 | Reached XP level 17. HP: 114/166 MP: 14/17
 30572 | Depths:2 | Killed a titan
 30643 | Depths:2 | Killed from afar by a tengu reaver

Illustrated notes

Levels and vault maps discovered:
D:1:      amcnicky_arrival_gap_in_the_tavern_cellar, layout_loops_corners
D:2:      layout_basic
D:3:      layout_loops_cross, nicolae_wu_jian_immortal_techniques
D:4:      layout_basic, serial_forest, infiniplex_forest_end_2,
          infiniplex_forest_3_way, infiniplex_forest_side_room,
          infiniplex_forest_zigzag_2, infiniplex_forest_lined_2,
          infiniplex_forest_straight_2, infiniplex_forest_clump_small,
          infiniplex_forest_corner_1, infiniplex_forest_end_2,
          infiniplex_forest_lined_corner
D:5:      layout_gridville, overflow_temple_1_default,
          mainiacjoe_overflow_boulevard
D:6:      layout_loops_ring, nicolae_dithmenos_the_darkroom,
          minmay_temple_entry_enclosed_plants, hellmonk_ghost_happy_afterlife,
          grunt_ministairs_2, guppyfry_early_elven_hall
D:7:      layout_basic
D:8:      wander_river, layout_loops_corners
D:9:      layout_loops_ring, trog_ov_bears_minmay, lair_entry_dummy,
          orc_david_3, minmay_shattered_shrine
D:10:     layout_roguey, mainiacjoe_overflow_surrounded_room, serial_shops,
          nicolae_shop_window_shopping
D:11:     minmay_gate_of_8, layout_cave_pods, serial_shops, shop_fountains,
          uniq_urug
D:12:     layout_long_grid
D:13:     layout_roguey
D:14:     evilmike_diamond_2, layout_loops_corners, erik_vaults_1, led_sif_pool,
          gauntlet_entry_generic, uniq_josephine, uniq_frances
D:15:     grunt_enter_depths_giant_problem, layout_irregular_city, minivault_14
Temple:   eino_temple_rhombus
Lair:1:   layout_hall_layers, lemuel_fruit_fields, serial_bayou_shore_b,
          grunt_megastairs_5
Lair:2:   layout_cave_pods
Lair:3:   layout_hall_layers, lemuel_fruit_fields
Lair:4:   layout_long_grid, minmay_shoals_entry_lonely_mermaid,
          minmay_snake_entry_six_corridors, serial_rivers,
          chequers_serial_rivers_micro_b, chequers_serial_rivers_small_a,
          chequers_serial_rivers_large_a, chequers_serial_rivers_room_a,
          chequers_serial_rivers_micro_d, chequers_serial_rivers_micro_b,
          serial_bayou_lagoon_a, dpeg_oklob_1
Lair:5:   wad_woods_structure_01, layout_misc_corridors,
          nicolae_volcano_entry_batcave
Lair:6:   hellmonk_lair_end_abyssal_woods, layout_regular_city, slime_altar_2,
          cheibrodos_lair_lostbears, grunt_megastairs_1
Orc:1:    layout_caves, minmay_orc_treasury
Orc:2:    kennysheep_orc_mage_school, layout_diamond_mine, serial_shops,
          nicolae_shop_advertising_works [nicolae_subvault_shop_adworks],
          nicolae_shop_crystal, shop, shop_statue, david_defended_altar_orc
Depths:1: layout_gridlike, pf_hell_entry_tar_river, minmay_misc_feat_tiny,
          columned_hall_lemuel, minmay_holes, dk_noncrumbling_4, minivault_14,
          hangedman_decor_lopped, solitary_fountain, kennysheep_generic_room_13
Depths:2: hangedman_cross_veins, layout_basic, rand_demon_pan_entry_9,
          infiniplex_staircase_x, hell_entry

Skill      XL: |  1  2  3  4  5  6  7  8  9 10 11 12 13 14 15 16 |
---------------+-------------------------------------------------+-----
Fighting       | 4 5 6 7 9 10 12 13 15 17 18 | 18.9
Shields        | 4 5 6 7 8 10 12 15 18 20 | 20.3
Armour         | 4 5 6 9 11 12 13 15 | 15.4
Axes           | 3 4 5 6 8 10 12 14 16 17 | 17.5
Dodging        | 1 2 4 5 6 7 8 9 |  9.2
Stealth        | 1 |  1.7
Evocations     | 1 |  1.7
Invocations    | 1 |  1.8
Maces & Flails | 3 |  3.3

Action                   |  1- 3 |  4- 6 |  7- 9 | 10-12 | 13-15 | 16-18 || total
-------------------------+-------+-------+-------+-------+-------+-------++-------
Melee: War axe           |    83 |   114 |   225 |   644 |    10 |       ||  1076
       Headbutt          |    14 |    21 |    48 |   156 |   293 |   140 ||   672
       Demon whip        |       |       |       |       |  1034 |   436 ||  1470
Throw: Throwing net      |       |       |       |       |     1 |       ||     1
Invok: Heroism           |       |       |       |     3 |     8 |       ||    11
Evoke: Wand              |       |       |     2 |     6 |     3 |     3 ||    14
       Phial of floods   |       |       |       |       |     1 |       ||     1
  Use: Potion            |       |     1 |     1 |     3 |     7 |       ||    12
       Scroll            |       |     4 |     1 |    12 |    14 |     1 ||    32
 Stab: Sleeping          |       |       |     1 |     1 |       |       ||     2
       Petrifying        |       |       |       |       |     1 |       ||     1
Armor: Scale mail        |    37 |    10 |       |       |       |       ||    47
       Chain mail        |       |     2 |       |       |       |       ||     2
       Troll leather arm |       |    32 |    72 |   100 |       |       ||   204
       Plate armour      |       |       |       |    56 |   386 |   124 ||   566
Dodge: Dodged            |    39 |    49 |   102 |   229 |   198 |    55 ||   672
Block: Buckler           |    22 |    16 |    76 |   237 |   276 |       ||   627
       Reflection        |       |       |       |       |    30 |     1 ||    31
       Kite shield       |       |       |       |       |   502 |   207 ||   709
       Rpst.: War axe    |       |       |     9 |    53 |       |       ||    62
       Demon whip        |       |       |       |       |    24 |     7 ||    31
